[Event "December 5 Late 2023"]
[Site "https://www.chess.com"]
[Date "2023.12.05"]
[Round "1"]
[White "Stevens, Matthew"]
[Black "Tokhirjonova, Gulrukhbegim"]
[Result "0-1"]
[Board "112"]
[TimeControl "180+1"]
[WhiteFideId "2067633"]
[BlackFideId "14203626"]
[WhiteElo "2342"]
[BlackElo "2652"]
[WhiteTeam "USA"]
[BlackTeam "USA"]
[WhiteClock "0:00:08"]
[BlackClock "0:00:17"]

1. d4 Nf6 2. Nf3 e6 3. c4 d5 4. Nc3 Bb4 5. Bg5 Nbd7 6. e3 O-O 7. a3 Bxc3+ 8. bxc3 h6 9. Bxf6 Nxf6 10. cxd5 exd5 11. Be2 c6 12. O-O Bf5 13. c4 Re8 14. Qb3 Qd7 15. Ne5 Qe7 16. cxd5 cxd5 17. Bf3 Red8 18. Rfc1 Ne4 19. Bxe4 Bxe4 20. Rc3 f6 21. Nd3 Rac8 22. Rac1 Rxc3 23. Rxc3 Kh7 24. Nc5 b6 25. Nxe4 dxe4 26. Qc2 Rd7 27. Rc6 f5 28. a4 f4 29. h3 Kh8 30. Qc4 fxe3 31. fxe3 Qg5 32. Rc8+ Kh7 33. Qg8+ Kg6 34. Qe6+ Kh7 35. Qxd7 Qxe3+ 36. Kf1 Qd3+ 37. Ke1 e3 38. Qf7 Qd2+ 39. Kf1 Qd1# 0-1

[Event "December 5 Late 2023"]
[Site "https://www.chess.com"]
[Date "2023.12.05"]
[Round "1"]
[White "Jaracz, Pawel"]
[Black "Diaz, Fernando"]
[Result "0-1"]
[Board "113"]
[TimeControl "180+1"]
[WhiteFideId "1102222"]
[BlackFideId "3701255"]
[WhiteElo "2650"]
[BlackElo "2336"]
[WhiteTeam "POL"]
[BlackTeam "PAR"]
[WhiteClock "0:01:01"]
[BlackClock "0:00:59"]

1. e4 e6 2. d3 d5 3. Nd2 Nf6 4. Ngf3 Bc5 5. e5 Nfd7 6. d4 Be7 7. Bd3 c5 8. c3 Nc6 9. O-O g5 10. Kh1 h5 11. dxc5 Nxc5 12. Bb5 Nd7 13. Qe2 a6 14. Bxc6 bxc6 15. Nd4 Bb7 16. f4 c5 17. N4b3 gxf4 18. Nf3 Qc7 19. Bxf4 O-O-O 20. Bg5 Bxg5 21. Nxg5 Nxe5 22. Nxc5 Ng4 23. g3 Qxc5 24. Rxf7 d4+ 25. Rxb7 Kxb7 26. h3 Qxg5 0-1

[Event "December 5 Late 2023"]
[Site "https://www.chess.com"]
[Date "2023.12.05"]
[Round "1"]
[White "Kappeler, Kaspar"]
[Black "Papasimakopoulos, Alexandros"]
[Result "0-1"]
[Board "114"]
[TimeControl "180+1"]
[WhiteFideId "1309072"]
[BlackFideId "4244125"]
[WhiteElo "2334"]
[BlackElo "2648"]
[WhiteTeam "SUI"]
[BlackTeam "GRE"]
[WhiteClock "0:00:09"]
[BlackClock "0:00:16"]

1. c4 e6 2. g3 d5 3. Nf3 Nf6 4. Bg2 Be7 5. O-O O-O 6. d4 c6 7. Qc2 Nbd7 8. Nbd2 b6 9. e4 dxe4 10. Nxe4 Bb7 11. Rd1 Qc8 12. Nxf6+ Nxf6 13. c5 Nd7 14. b4 a5 15. Bd2 axb4 16. Bxb4 bxc5 17. dxc5 Nf6 18. Ng5 h6 19. Ne4 Nd5 20. a3 Qc7 21. Nd6 Nxb4 22. axb4 Rxa1 23. Rxa1 Bxd6 24. cxd6 Qxd6 25. Ra7 Qxb4 26. h4 Qb6 27. Qa4 Rd8 28. Kh2 g6 29. Qa3 Qxf2 30. Rxb7 Rd2 31. Qa8+ Kh7 32. Rxf7+ Qxf7 33. Qxc6 Qd7 34. Qe4 Qd5 35. Qxd5 exd5 36. Kh3 Kg7 37. h5 gxh5 38. Bf3 Kg6 39. Kh4 Rh2# 0-1

[Event "December 5 Late 2023"]
[Site "https://www.chess.com"]
[Date "2023.12.05"]
[Round "1"]
[White "Goltsev, Dmitry"]
[Black "youngdinousaur"]
[Result "1-0"]
[Board "115"]
[TimeControl "180+1"]
[WhiteFideId "24176710"]
[WhiteElo "2647"]
[BlackElo "2330"]
[WhiteTeam "RUS"]
[WhiteClock "0:00:08"]
[BlackClock "0:00:09"]

1. e4 c5 2. Nf3 e6 3. b3 Nc6 4. Bb2 d5 5. exd5 exd5 6. Bb5 Nf6 7. O-O Be7 8. Ne5 Qc7 9. Re1 Be6 10. d3 O-O 11. Bxc6 bxc6 12. Nd2 Bd6 13. f4 Rfe8 14. Qf3 Bf5 15. g4 Bc8 16. h3 Nd7 17. Nxf7 Rxe1+ 18. Rxe1 Kxf7 19. g5 Nf8 20. Qh5+ Kg8 21. Nf3 Bf5 22. Ne5 Ng6 23. Qf3 Rf8 24. Qg3 Bxe5 25. fxe5 Be6 26. h4 Qf7 27. Ba3 Qf4 28. Qxf4 Rxf4 29. h5 Nh4 30. Re3 Rg4+ 31. Kf1 Rxg5 32. Bxc5 Rxh5 33. Bxa7 Ng6 34. Bd4 Rh2 35. Re2 Rxe2 36. Kxe2 Kf7 37. a4 Ke8 38. a5 Kd7 39. b4 Kc7 40. Bb6+ Kb7 41. d4 h5 42. Kf3 Bg4+ 43. Kg3 Bf5 44. c3 h4+ 45. Kh2 Nf4 46. Bc5 Ne6 47. Be7 g5 48. Bf6 Ka6 49. Be7 h3 50. Bf6 g4 51. Kg3 Nc7 52. Bg5 Nb5 53. Bd2 Na3 54. Be1 Nb1 55. Kh2 Be4 56. e6 Bf3 57. e7 Nxc3 58. e8=Q Ne4 59. Qd8 Kb5 60. Qb6+ Kc4 61. Qxc6+ Kd3 62. a6 Bg2 63. a7 Ke2 64. Qc1 Kf3 65. a8=Q g3+ 66. Bxg3 Nxg3 67. Qf8+ Ke4 68. Qff4+ Kd3 69. Qxg3+ 1-0

[Event "December 5 Late 2023"]
[Site "https://www.chess.com"]
[Date "2023.12.05"]
[Round "1"]
[White "Mazzilli, Piero"]
[Black "Sturt, Raven"]
[Result "0-1"]
[Board "116"]
[TimeControl "180+1"]
[WhiteFideId "807087"]
[BlackFideId "2007304"]
[WhiteElo "2329"]
[BlackElo "2644"]
[WhiteTeam "ITA"]
[BlackTeam "USA"]
[WhiteClock "0:00:11"]
[BlackClock "0:01:23"]

1. e4 e5 2. Nf3 Nc6 3. Nc3 Nf6 4. d4 exd4 5. Nxd4 Bb4 6. Nxc6 bxc6 7. Bd3 d5 8. exd5 cxd5 9. O-O O-O 10. Bg5 c6 11. Qf3 h6 12. Bxf6 Qxf6 13. Qxf6 gxf6 14. Nd1 Rb8 15. b3 Re8 16. Ne3 Bc3 17. Rad1 Re5 18. h3 h5 19. Kh2 a5 20. a4 Rb4 21. g3 Kf8 22. Ng2 c5 23. Bb5 Bf5 24. Ne3 Be6 25. Rd3 d4 26. Nc4 Re2 27. Nxa5 Rxb5 28. axb5 Bxa5 29. Ra1 Bc7 30. Ra7 Be5 31. b6 Bd5 32. b7 Re1 33. f3 Kg7 34. f4 Rh1# 0-1

[Event "December 5 Late 2023"]
[Site "https://www.chess.com"]
[Date "2023.12.05"]
[Round "1"]
[White "Cieslak, Patryk"]
[Black "Biliy, Vadim"]
[Result "1-0"]
[Board "117"]
[TimeControl "180+1"]
[WhiteFideId "21078882"]
[BlackFideId "14114127"]
[WhiteElo "2641"]
[BlackElo "2325"]
[WhiteTeam "POL"]
[BlackTeam "UKR"]
[WhiteClock "0:00:53"]
[BlackClock "0:00:02"]

1. e4 d6 2. d4 Nf6 3. Nc3 g6 4. Be3 c6 5. Qd2 b5 6. f3 Nbd7 7. h4 Rb8 8. Nh3 Nb6 9. b3 Bg7 10. Bh6 O-O 11. Bxg7 Kxg7 12. Nf4 e5 13. dxe5 dxe5 14. Qxd8 Rxd8 15. Nd3 Nbd7 16. a4 a6 17. Be2 Nh5 18. Kf2 Nf4 19. axb5 axb5 20. Nb4 Nxe2 21. Kxe2 Bb7 22. Rhd1 Nc5 23. Rxd8 Rxd8 24. Nd3 Nxd3 25. cxd3 Ra8 26. Rxa8 Bxa8 27. b4 Kf6 28. Ke3 Ke6 29. d4 f5 30. dxe5 Kxe5 31. f4+ Ke6 32. e5 Bb7 33. Kd4 Bc8 34. Kc5 Bd7 35. Ne2 Kf7 36. Nd4 Be8 37. Nxc6 h6 38. Kd6 g5 39. hxg5 hxg5 40. g3 Kg6 41. e6 Kh5 42. Ne5 gxf4 43. gxf4 Kh4 44. Ke7 Bh5 45. Kf6 Bg4 46. e7 Kg3 47. e8=Q Kxf4 48. Qb8 Ke3 49. Ng6 Kd3 50. Qf4 Kc3 51. Ne5 Kb3 52. Ke7 Kc3 53. Kd6 Kb3 54. Kc5 Kc3 55. Qe3+ Kc2 56. Kd4 1-0

[Event "December 5 Late 2023"]
[Site "https://www.chess.com"]
[Date "2023.12.05"]
[Round "1"]
[White "Ramadoss, Ashokkumar"]
[Black "Krishnan, Varun"]
[Result "0-1"]
[Board "118"]
[TimeControl "180+1"]
[WhiteFideId "5040990"]
[BlackFideId "5054508"]
[WhiteElo "2324"]
[BlackElo "2639"]
[WhiteTeam "IND"]
[BlackTeam "USA"]
[WhiteClock "0:01:33"]
[BlackClock "0:01:42"]

1. Nf3 c5 2. c4 Nc6 3. d4 cxd4 4. Nxd4 Nf6 5. Nc3 e6 6. a3 Bc5 7. Nb3 Bb6 8. e3 O-O 9. Be2 d5 10. cxd5 exd5 11. Nb5 Bf5 12. O-O Bg6 13. N5d4 Rc8 14. Nxc6 Rxc6 15. Nd4 Rc8 16. b4 Ne4 17. Bb2 Nc3 18. Qd2 Bxd4 0-1

[Event "December 5 Late 2023"]
[Site "https://www.chess.com"]
[Date "2023.12.05"]
[Round "1"]
[White "Agibileg, Uurtsaikh"]
[Black "Gerbelli Neto, Eduardo"]
[Result "1-0"]
[Board "119"]
[TimeControl "180+1"]
[WhiteFideId "4901606"]
[BlackFideId "2103281"]
[WhiteElo "2637"]
[BlackElo "2324"]
[WhiteTeam "MGL"]
[BlackTeam "BRA"]
[WhiteClock "0:00:13"]
[BlackClock "0:00:02"]

1. d4 d5 2. c4 c6 3. Nf3 Nf6 4. Nc3 e6 5. g3 dxc4 6. Bg2 Nbd7 7. O-O Be7 8. e4 O-O 9. a4 b6 10. Qe2 Ba6 11. Rd1 Re8 12. Bf4 Nh5 13. Be3 Nhf6 14. Ne5 Nxe5 15. dxe5 Nd7 16. f4 Qc7 17. h4 Nc5 18. h5 h6 19. Qg4 Kf8 20. f5 exf5 21. exf5 Bg5 22. Bxg5 hxg5 23. e6 f6 24. Ne4 Nxe4 25. Qxe4 Qxg3 26. Rd7 Re7 27. Rxe7 Kxe7 28. Qxc6 Rd8 29. a5 Qe3+ 30. Kh1 Rd4 31. Qc7+ Ke8 32. Bc6+ 1-0

[Event "December 5 Late 2023"]
[Site "https://www.chess.com"]
[Date "2023.12.05"]
[Round "1"]
[White "Rose, Felix"]
[Black "Ehlvest, Jaan"]
[Result "0-1"]
[Board "120"]
[TimeControl "180+1"]
[WhiteFideId "5105722"]
[BlackFideId "4500016"]
[WhiteElo "2319"]
[BlackElo "2635"]
[WhiteTeam "MEX"]
[BlackTeam "USA"]
[WhiteClock "0:00:00"]
[BlackClock "0:01:12"]

1. e4 g6 2. d4 Bg7 3. Nf3 c5 4. dxc5 Qa5+ 5. c3 Qxc5 6. Na3 d6 7. Nb5 a6 8. Be3 Qc6 9. Na7 Qc7 10. Nxc8 Qxc8 11. Qb3 Nc6 12. Bc4 e6 13. Qd1 Qc7 14. O-O Nf6 15. Bd3 O-O 16. a4 d5 17. exd5 Nxd5 18. Bg5 h6 19. Bh4 Nf4 20. Bg3 Rad8 21. Bxf4 Qxf4 22. Qe2 Ne7 23. Rfd1 Qc7 24. Bc2 Nd5 25. g3 Rd7 26. Rd2 Rfd8 27. Rad1 Nb6 28. Rxd7 Rxd7 29. Rxd7 Qxd7 30. Qd1 Qc7 31. h4 Nc4 32. b3 Nb2 33. Qd2 Qxc3 34. Qd8+ Bf8 35. Be4 b5 36. axb5 axb5 37. Kg2 Kg7 38. Qe8 b4 39. Bc6 Bc5 40. Qd8 Nd3 0-1

[Event "December 5 Late 2023"]
[Site "https://www.chess.com"]
[Date "2023.12.05"]
[Round "1"]
[White "Ambartsumova, Karina"]
[Black "Antonio, Jorge Carlos"]
[Result "1-0"]
[Board "121"]
[TimeControl "180+1"]
[WhiteFideId "4166299"]
[BlackFideId "113190"]
[WhiteElo "2633"]
[BlackElo "2317"]
[WhiteTeam "RUS"]
[BlackTeam "ARG"]
[WhiteClock "0:00:41"]
[BlackClock "0:00:56"]

1. d4 d5 2. c4 c6 3. Nf3 Nf6 4. g3 g6 5. b3 Bg7 6. Bb2 O-O 7. Bg2 Bg4 8. O-O Ne4 9. Ne5 Be6 10. Qc2 Nf6 11. Nd2 Nbd7 12. Rad1 Nb6 13. e4 dxe4 14. Nxe4 Nxe4 15. Bxe4 Qc7 16. f4 Bh3 17. Rfe1 Nd7 18. Nf3 Bg4 19. Kg2 Bxf3+ 20. Bxf3 e6 21. h4 h5 22. Qf2 Nb6 23. Re5 Rad8 24. Rf1 Nd7 25. Rg5 Nf6 26. Qe2 Qd7 27. g4 hxg4 28. Bxg4 Nxg4 29. Qxg4 Bh6 30. Re5 Bg7 31. h5 Bxe5 32. fxe5 f5 33. exf6 e5 34. Qxg6+ Kh8 35. f7 Qd6 36. Rf6 Qxf6 37. Qxf6+ Kh7 38. Qg6+ Kh8 39. Qh6# 1-0

[Event "December 5 Late 2023"]
[Site "https://www.chess.com"]
[Date "2023.12.05"]
[Round "1"]
[White "Kujawski, Adam"]
[Black "Rojas Alarcon, Julian Antonio"]
[Result "0-1"]
[Board "122"]
[TimeControl "180+1"]
[WhiteFideId "1100920"]
[BlackFideId "5107407"]
[WhiteElo "2315"]
[BlackElo "2632"]
[WhiteTeam "POL"]
[BlackTeam "MEX"]
[WhiteClock "0:00:11"]
[BlackClock "0:02:30"]

1. e4 c5 2. Nf3 d6 3. d4 cxd4 4. Nxd4 Nf6 5. Nc3 a6 6. Bg5 e6 7. f4 h6 8. Bh4 Qb6 9. Qd3 Nbd7 10. O-O-O Be7 11. g4 g5 12. Bf2 gxf4 13. Nxe6 Qxf2 14. Nc7+ Kf8 15. Nxa8 Ne5 16. Qd4 Nexg4 17. Nc7 Ne3 18. N7d5 Qxc2# 0-1

[Event "December 5 Late 2023"]
[Site "https://www.chess.com"]
[Date "2023.12.05"]
[Round "1"]
[White "Seemann, Jakub"]
[Black "Rian, Kapriaga"]
[Result "1-0"]
[Board "123"]
[TimeControl "180+1"]
[WhiteFideId "21874697"]
[BlackFideId "7103263"]
[WhiteElo "2627"]
[BlackElo "2313"]
[WhiteTeam "POL"]
[BlackTeam "INA"]
[WhiteClock "0:00:32"]
[BlackClock "0:00:00"]

1. Nf3 d5 2. g3 Nf6 3. Bg2 c6 4. O-O Bf5 5. d3 e6 6. Nbd2 h6 7. Qe1 Bg4 8. Ne5 Nbd7 9. Nxg4 Nxg4 10. e3 Be7 11. Qe2 h5 12. c4 Qb6 13. d4 f5 14. a3 h4 15. b4 hxg3 16. hxg3 O-O-O 17. b5 Rh2 18. bxc6 bxc6 19. Rb1 Qa5 20. cxd5 exd5 21. Nb3 Qa4 22. Bd2 Rdh8 23. Bf3 Ndf6 24. Na5 Bd8 25. Nxc6 Bc7 26. Ne7+ Kd7 27. Rb7 Kxe7 28. Rxc7+ Ke6 29. Rfc1 1-0

[Event "December 5 Late 2023"]
[Site "https://www.chess.com"]
[Date "2023.12.05"]
[Round "1"]
[White "Kornyukov, Alexey"]
[Black "Miranda, Rafael"]
[Result "0-1"]
[Board "124"]
[TimeControl "180+1"]
[WhiteFideId "4150457"]
[BlackFideId "130990"]
[WhiteElo "2312"]
[BlackElo "2624"]
[WhiteTeam "RUS"]
[BlackTeam "ARG"]
[WhiteClock "0:00:01"]
[BlackClock "0:00:25"]

1. d4 d6 2. c4 e5 3. d5 f5 4. e4 Nf6 5. Nc3 fxe4 6. Nge2 Bg4 7. h3 Bf5 8. Ng3 Bg6 9. Be3 Nbd7 10. Qc2 Be7 11. Ncxe4 O-O 12. Bd3 Nxe4 13. Bxe4 Bxe4 14. Nxe4 h6 15. O-O-O Nf6 16. g4 Nxe4 17. Qxe4 Bg5 18. Rhf1 Bf4 19. Rd3 Bxe3+ 20. Rxe3 Rf4 21. Qd3 Qg5 22. Kc2 Raf8 23. Qe2 Qg6+ 24. Kb3 Qf7 25. f3 b5 26. cxb5 Qxd5+ 27. Kc2 Qxa2 28. Re4 Rxe4 29. Qxe4 Rf4 30. Qa8+ Kh7 31. Rc1 Rc4+ 32. Kd1 Qb3+ 33. Kd2 Qxb2+ 34. Kd3 Qd4+ 35. Ke2 Rxc1 36. Qc8 Rc2+ 37. Ke1 Qf2+ 38. Kd1 Qd2# 0-1

[Event "December 5 Late 2023"]
[Site "https://www.chess.com"]
[Date "2023.12.05"]
[Round "1"]
[White "Koksal, Ege"]
[Black "Modric, Nesa"]
[Result "1-0"]
[Board "125"]
[TimeControl "180+1"]
[WhiteFideId "6317626"]
[BlackFideId "922579"]
[WhiteElo "2621"]
[BlackElo "2310"]
[WhiteTeam "TUR"]
[BlackTeam "SRB"]
[WhiteClock "0:00:50"]
[BlackClock "0:00:00"]

1. c4 e6 2. Nc3 d5 3. d4 Nf6 4. Bg5 Be7 5. e3 h6 6. Bh4 O-O 7. Nf3 b6 8. cxd5 Nxd5 9. Bxe7 Qxe7 10. Nxd5 exd5 11. Rc1 Bb7 12. Be2 c5 13. Qa4 Nd7 14. Qa3 Rfc8 15. O-O Kf8 16. b3 a5 17. Bb5 Bc6 18. Qa4 Bxb5 19. Qxb5 Qd6 20. Rc3 cxd4 21. Rxc8+ Rxc8 22. Nxd4 Rc5 23. Qa6 g6 24. g3 Kg7 25. Qe2 Ne5 26. Kg2 Nc6 27. Rd1 Nxd4 28. Rxd4 f5 29. h4 h5 30. Qd2 Kf6 31. a3 Qc6 32. b4 axb4 33. axb4 Rc2 34. Qd1 Rc4 35. Kh2 Rxd4 36. Qxd4+ Kf7 37. Qe5 b5 38. Qd4 Qc4 39. Kg2 Qxd4 40. exd4 Ke6 41. Kf3 Kf6 42. Kf4 Kf7 43. Kg5 Kg7 44. f3 Kf7 45. Kh6 Kf6 46. Kh7 Kf7 47. f4 Kf6 48. Kg8 g5 49. hxg5+ Kg6 50. Kf8 h4 51. gxh4 1-0

[Event "December 5 Late 2023"]
[Site "https://www.chess.com"]
[Date "2023.12.05"]
[Round "1"]
[White "Copeland, Samuel"]
[Black "Gubajdullin, Alexei"]
[Result "1-0"]
[Board "126"]
[TimeControl "180+1"]
[WhiteFideId "2007347"]
[BlackFideId "4141202"]
[WhiteElo "2307"]
[BlackElo "2620"]
[WhiteTeam "USA"]
[BlackTeam "RUS"]
[WhiteClock "0:00:15"]
[BlackClock "0:00:13"]

1. e4 g6 2. h4 h6 3. h5 g5 4. d4 Bg7 5. f4 gxf4 6. Bxf4 c5 7. c3 cxd4 8. cxd4 Qb6 9. Nc3 Qxb2 10. Nb5 Nc6 11. Rb1 Qxa2 12. Nc7+ Kf8 13. Nxa8 Bxd4 14. Ne2 Bc5 15. Qb3 Qa5+ 16. Bd2 Qd8 17. Qc3 Nf6 18. Qxc5 Nxe4 19. Qc2 d5 20. Nc3 Bf5 21. Nxe4 Bxe4 22. Bd3 Nd4 23. Qc3 e5 24. Bxe4 dxe4 25. Qc5+ Kg8 26. Qxe5 Nc2+ 27. Kd1 Qd3 28. Qc3 Kh7 29. Qxc2 Qd5 30. Nc7 Qf5 31. Rb5 Qg4+ 32. Kc1 Rc8 33. Re1 f5 34. Rxb7 Qxg2 35. Ne6+ Kg8 36. Qxc8# 1-0

[Event "December 5 Late 2023"]
[Site "https://www.chess.com"]
[Date "2023.12.05"]
[Round "1"]
[White "Lymar, Vladislav"]
[Black "Skibbe, Willi"]
[Result "1-0"]
[Board "127"]
[TimeControl "180+1"]
[WhiteFideId "14162180"]
[BlackFideId "4682190"]
[WhiteElo "2617"]
[BlackElo "2306"]
[WhiteTeam "UKR"]
[BlackTeam "GER"]
[WhiteClock "0:00:55"]
[BlackClock "0:01:22"]

1. d4 d5 2. c4 e6 3. cxd5 exd5 4. Bf4 c6 5. e3 Bd6 6. Bxd6 Qxd6 7. Bd3 Nf6 8. Nc3 Bg4 9. Nge2 Nbd7 10. f3 Bh5 11. Nf4 Bg6 12. Nxg6 hxg6 13. f4 O-O-O 14. Qf3 Rde8 15. O-O-O Qe6 16. Rde1 Qg4 17. Kd2 Qxf3 18. gxf3 Rh3 19. Ref1 Reh8 20. Rf2 Ne8 21. Ne2 Nd6 22. e4 Nb6 23. b3 Kd8 24. f5 gxf5 25. e5 Ndc8 26. Bxf5 R3h5 27. Bg4 R5h6 28. Ng3 g6 29. f4 Rh4 30. h3 Ne7 31. Rhf1 Nd7 32. f5 gxf5 33. Nxf5 Nxf5 34. Rxf5 Nf8 35. Rxf7 Ne6 36. Bxe6 1-0

[Event "December 5 Late 2023"]
[Site "https://www.chess.com"]
[Date "2023.12.05"]
[Round "1"]
[White "Chabris, Christopher"]
[Black "Golubev, Mikhail"]
[Result "0-1"]
[Board "128"]
[TimeControl "180+1"]
[WhiteFideId "2005263"]
[BlackFideId "14100983"]
[WhiteElo "2305"]
[BlackElo "2617"]
[WhiteTeam "USA"]
[BlackTeam "UKR"]
[WhiteClock "0:00:00"]
[BlackClock "0:00:03"]

1. e4 c5 2. Nf3 d6 3. Bb5+ Bd7 4. Bxd7+ Nxd7 5. O-O Ngf6 6. Qe2 e6 7. b3 g6 8. Bb2 Bg7 9. c4 O-O 10. d4 cxd4 11. Nxd4 Nh5 12. Nf3 Nf4 13. Qd2 Bxb2 14. Qxb2 Qf6 15. Qxf6 Nxf6 16. Nc3 a6 17. Rfd1 b5 18. g3 b4 19. Na4 Ne2+ 20. Kf1 Nc3 21. Nxc3 bxc3 22. Re1 d5 23. exd5 exd5 24. Rac1 dxc4 25. bxc4 Rfc8 26. Rxc3 Nd5 27. Rc2 Nb4 28. Rc3 Nxa2 29. Ra3 Nb4 30. Rc1 Rc5 31. Nd4 Rac8 32. Ra4 Rxc4 33. Rxc4 Rxc4 34. Nc2 Rxc2 35. Rxb4 Rc8 36. Ke2 a5 37. Ra4 Ra8 38. Ke3 Kg7 39. Ke4 Kf6 40. h4 Ke6 41. g4 f6 42. f4 f5+ 43. gxf5+ gxf5+ 44. Kd4 Kd6 45. h5 h6 46. Kc4 Kc6 47. Kd4 Kb5 48. Ra2 Re8 49. Rg2 Re4+ 50. Kd5 Rxf4 51. Rg6 a4 52. Rxh6 a3 53. Rh8 Ra4 54. Rb8+ Ka5 55. Rb1 Rh4 56. Ke5 Rxh5 57. Kf4 Rh2 58. Kxf5 a2 59. Ra1 Ka4 60. Ke4 Kb3 61. Kd3 Kb2 0-1

[Event "December 5 Late 2023"]
[Site "https://www.chess.com"]
[Date "2023.12.05"]
[Round "1"]
[White "Maltsevskaya, Aleksandra"]
[Black "Mohammad, Fahim"]
[Result "1-0"]
[Board "129"]
[TimeControl "180+1"]
[WhiteFideId "24174041"]
[BlackFideId "10206248"]
[WhiteElo "2615"]
[BlackElo "2302"]
[WhiteTeam "POL"]
[BlackTeam "FRA"]
[WhiteClock "0:01:31"]
[BlackClock "0:00:09"]

1. Nf3 c5 2. g3 g6 3. Bg2 Bg7 4. d3 Nc6 5. e4 e6 6. O-O Nge7 7. Nbd2 d5 8. exd5 exd5 9. Nb3 b6 10. a4 O-O 11. a5 Bf5 12. axb6 axb6 13. Rxa8 Qxa8 14. Re1 h6 15. h3 Rd8 16. Nbd2 Qa2 17. Nf1 Kh7 18. c3 Ng8 19. g4 Be6 20. Ng3 b5 21. h4 Bxg4 22. Ng5+ hxg5 23. Qxg4 b4 24. hxg5 Nge7 25. c4 dxc4 26. dxc4 Rd4 27. Ne4 Qxc4 28. Qh3+ Kg8 29. Nf6+ Kf8 30. Qc8+ Nd8 31. Nd7+ Kg8 32. Qxd8+ 1-0

[Event "December 5 Late 2023"]
[Site "https://www.chess.com"]
[Date "2023.12.05"]
[Round "1"]
[White "Coelho, Ramyres Santana"]
[Black "Tanriverdi, Enes"]
[Result "0-1"]
[Board "130"]
[TimeControl "180+1"]
[WhiteFideId "2120690"]
[BlackFideId "34543279"]
[WhiteElo "2301"]
[BlackElo "2615"]
[WhiteTeam "BRA"]
[BlackTeam "TUR"]
[WhiteClock "0:01:36"]
[BlackClock "0:00:55"]

1. e4 c5 2. Nf3 d6 3. d4 cxd4 4. Nxd4 Nf6 5. Nc3 a6 6. f3 Nc6 7. Be3 e6 8. Qd2 Bd7 9. O-O-O Rc8 10. g4 Be7 11. Kb1 b5 12. Nxc6 Bxc6 13. Bd3 O-O 14. h4 b4 15. Ne2 a5 16. Ng3 a4 17. g5 Nd7 18. h5 b3 19. g6 Ne5 20. gxh7+ Kh8 21. h6 g6 22. Bd4 Bf6 23. f4 Nf3 24. Bxf6+ Qxf6 25. Qe3 a3 26. e5 dxe5 27. fxe5 Qxe5 28. Qxe5+ Nxe5 29. axb3 Bxh1 30. Rxh1 Nxd3 31. cxd3 axb2 32. Kxb2 f5 33. Re1 Rce8 34. d4 Kxh7 35. b4 Kxh6 36. Kb3 g5 37. Rh1+ Kg6 38. b5 e5 39. d5 e4 40. Rc1 f4 41. Rc6+ Rf6 42. Rxf6+ Kxf6 43. Nh5+ Ke5 44. Kb4 f3 45. b6 f2 46. Ng3 Kxd5 47. Kb5 e3 48. b7 0-1

[Event "December 5 Late 2023"]
[Site "https://www.chess.com"]
[Date "2023.12.05"]
[Round "1"]
[White "Mendes Aaron Reeve"]
[Black "Korol, Dimitry"]
[Result "1-0"]
[Board "131"]
[TimeControl "180+1"]
[WhiteFideId "25954938"]
[BlackFideId "14108003"]
[WhiteElo "2615"]
[BlackElo "2299"]
[WhiteTeam "CAN"]
[BlackTeam "UKR"]
[WhiteClock "0:01:58"]
[BlackClock "0:00:00"]

1. c4 c5 2. e3 g6 3. Nc3 Bg7 4. b3 Nc6 5. Bb2 e5 6. Nd5 Nge7 7. h4 O-O 8. h5 d6 9. Qf3 Nxd5 10. cxd5 Nb4 11. Rc1 e4 12. Qxe4 Bf5 13. Qf3 Bxb2 14. Rc4 Nd3+ 15. Bxd3 Bxd3 16. hxg6 Bxc4 17. Qh5 1-0

[Event "December 5 Late 2023"]
[Site "https://www.chess.com"]
[Date "2023.12.05"]
[Round "1"]
[White "Weisz, Bryan"]
[Black "Poltorak, Sebastian"]
[Result "0-1"]
[Board "132"]
[TimeControl "180+1"]
[WhiteFideId "30934133"]
[BlackFideId "1199498"]
[WhiteElo "2298"]
[BlackElo "2608"]
[WhiteTeam "USA"]
[BlackTeam "POL"]
[WhiteClock "0:00:12"]
[BlackClock "0:00:17"]

1. e3 c5 2. d4 cxd4 3. exd4 d5 4. c4 Nf6 5. Nc3 Nc6 6. Nf3 Bg4 7. cxd5 Nxd5 8. Qb3 Bxf3 9. gxf3 e6 10. Qxb7 Nxd4 11. Bb5+ Nxb5 12. Qc6+ Ke7 13. Qc5+ Nd6 14. Nxd5+ exd5 15. O-O Qc8 16. Qxd5 Qb7 17. Bg5+ Kd7 18. Qa5 Qb5 19. Qd2 Re8 20. Rfd1 Re6 21. Bf4 Rg6+ 22. Bg3 Be7 23. Rac1 Rc8 24. Rxc8 Kxc8 25. Kh1 Qb7 26. Qf4 Rf6 27. Qc1+ Kd8 28. Kg1 Qxf3 29. Qd2 Re6 30. Qa5+ Ke8 31. Rc1 f6 32. Qxa7 Ne4 33. Qa4+ Kf7 34. Qd4 Ng5 35. h4 Ne4 36. Qd5 Qg4 37. Kg2 Nxg3 38. fxg3 Qe4+ 39. Qxe4 Rxe4 40. Rc2 Re1 41. b3 Ra1 42. Re2 f5 43. Kf3 Kf6 44. Kg2 Bd6 45. Rd2 Be5 46. Rc2 Ke6 47. Rc6+ Bd6 48. Rc2 g6 49. Re2+ Kf6 50. Rd2 Be5 51. Rc2 Rd1 52. Rc6+ Bd6 53. Rc2 Rd3 54. Re2 Rxg3+ 55. Kf2 f4 56. Rd2 Bc5+ 57. Kf1 Rg1+ 58. Ke2 Rg2+ 59. Kd3 Rxd2+ 60. Kxd2 Ke5 61. Kc3 f3 62. Kd3 Kf4 63. a4 Bb4 64. Kc4 Be1 65. b4 Bxb4 66. Kxb4 f2 67. a5 f1=Q 68. a6 Qxa6 69. h5 gxh5 0-1

[Event "December 5 Late 2023"]
[Site "https://www.chess.com"]
[Date "2023.12.05"]
[Round "1"]
[White "Skatchkov, Valery"]
[Black "Lopez Del Alamo, Antonio"]
[Result "1-0"]
[Board "133"]
[TimeControl "180+1"]
[WhiteFideId "24195812"]
[BlackFideId "2227339"]
[WhiteElo "2604"]
[BlackElo "2297"]
[WhiteTeam "RUS"]
[BlackTeam "ESP"]
[WhiteClock "0:02:13"]
[BlackClock "0:00:36"]

1. d4 Nf6 2. c4 g6 3. Nc3 Bg7 4. e4 d6 5. h3 O-O 6. Bg5 c5 7. d5 b5 8. cxb5 a6 9. a4 axb5 10. axb5 Rxa1 11. Qxa1 Nbd7 12. Nf3 Nb6 13. Bd3 Bb7 14. O-O Qc7 15. Qc1 Ra8 16. Bh6 Bh8 17. Qf4 Nfd7 18. Qh4 Ne5 19. Nxe5 Bxe5 20. f4 Bf6 21. Bg5 Bxg5 22. Qxg5 c4 23. Bc2 Qc5+ 24. Kh1 f6 25. Qg4 Bc8 26. Qf3 Qb4 27. Rb1 Bd7 28. e5 Bxb5 29. exf6 exf6 30. Qe3 Re8 31. Qxb6 1-0

[Event "December 5 Late 2023"]
[Site "https://www.chess.com"]
[Date "2023.12.05"]
[Round "1"]
[White "Shapiro, Daniel"]
[Black "Dyachuk, Artem"]
[Result "0-1"]
[Board "134"]
[TimeControl "180+1"]
[WhiteFideId "2001780"]
[BlackFideId "34107924"]
[WhiteElo "2290"]
[BlackElo "2601"]
[WhiteTeam "USA"]
[BlackTeam "UKR"]
[WhiteClock "0:00:00"]
[BlackClock "0:00:36"]

1. d4 Nf6 2. c4 c6 3. Nf3 d5 4. Qb3 dxc4 5. Qxc4 Bf5 6. Nc3 e6 7. g3 Nbd7 8. Qb3 Qc8 9. Bg2 Be7 10. O-O O-O 11. Bf4 Ne4 12. Rac1 Nb6 13. Ne5 Nd6 14. e4 Bg6 15. Nxg6 hxg6 16. d5 exd5 17. Nxd5 Nxd5 18. exd5 c5 19. Rfe1 Nf5 20. d6 Bxd6 21. Bxb7 Qc7 22. Bxd6 Qxd6 23. Bxa8 Rxa8 24. Qf3 Rb8 25. b3 Nd4 26. Qe4 Qf6 27. f4 Qb6 28. Rc4 Rd8 29. Kg2 Qa5 30. Rd1 Qxa2+ 31. Kh3 Qxb3 32. Qd3 Qb6 33. Rdc1 Qe6+ 34. Kg2 Qd5+ 35. Kf2 Qh5 36. h4 Rb8 37. Qc3 Qe2+ 0-1

[Event "December 5 Late 2023"]
[Site "https://www.chess.com"]
[Date "2023.12.05"]
[Round "1"]
[White "Cremisi, Daniel"]
[Black "Sarkar, Justin"]
[Result "1-0"]
[Board "135"]
[TimeControl "180+1"]
[WhiteFideId "2089882"]
[BlackFideId "2010011"]
[WhiteElo "2600"]
[BlackElo "2287"]
[WhiteTeam "USA"]
[BlackTeam "USA"]
[WhiteClock "0:01:52"]
[BlackClock "0:00:00"]

1. d4 Nf6 2. c4 g6 3. Nc3 Bg7 4. e4 d6 5. h3 e5 6. dxe5 dxe5 7. Qxd8+ Kxd8 8. Bg5 c6 9. Nf3 Nd7 10. O-O-O Kc7 11. Be2 h6 12. Bh4 Nh5 13. g4 Nf4 14. Bg3 Nc5 15. Rd2 Be6 16. Rhd1 Nxe2+ 17. Rxe2 Bxc4 18. Nxe5 Bxe2 19. Nxf7+ Kb6 20. Nxe2 Rhf8 21. Nd6 Rad8 22. Nf4 Rxd6 23. Rxd6 Be5 24. Nd5+ Kb5 25. Nc7+ 1-0